 Dungeon Crawl Stone Soup version 0.28-a0-851-g8b9cc49659 (webtiles) character file.

Game seed: 17308740673898246392

693 Crownlay the Magician (level 7, -2/50 HPs)
             Began as a White Draconian Conjurer on Nov 14, 2021.
             Was an Initiate of Sif Muna.
             Slain by a mummy (7 damage)
             ... in an ossuary.
             The game lasted 00:06:07 (5706 turns).

Crownlay the Magician (White Draconian Conjurer)    Turns: 5706, Time: 00:06:08

Health: -2/50      AC:  7    Str:  9    XL:     7   Next: 37%
Magic:  1/16       EV: 12    Int: 21    God:    Sif Muna [......]
Gold:   166        SH:  0    Dex:  9    Spells: 15/18 levels left

rFire   . . .      SeeInvis .   b - +0 dagger
rCold   + . .      Faith    .   (no shield)
rNeg    . . .      Spirit   .   (armour unavailable)
rPois   .          Reflect  .   (helmet restricted)
rElec   .          Harm     .   (no cloak)
rCorr   .          Rampage  .   (no gloves)
Will    .....                   f - +0 pair of boots
Stlth   ++........              (no amulet)
HPRegen 0.16/turn               (no ring)
MPRegen 0.15/turn               (no ring)

@: short of breath
A: breathe frost, AC +6, unfitting armour, cold resistance 1, cold-blooded
a: Breathe Frost, Renounce Religion


You were in an ossuary.
You worshipped Sif Muna.
Sif Muna was noncommittal.
You visited 2 branches of the dungeon, and saw 6 of its levels.
You also visited: Ossuary.

You collected 166 gold pieces.

Inventory:

Hand Weapons
 b - a +0 dagger (weapon)
Armour
 f - a +0 pair of boots (worn)
Wands
 g - a wand of charming (12)
Scrolls
 a - a scroll of magic mapping {unknown}
 c - a scroll of teleportation {unknown}
 e - 2 scrolls of identify {unknown}
 i - 2 scrolls of immolation {unknown}
 j - a scroll of vulnerability {unknown}
 l - a scroll of amnesia {unknown}
 n - 2 scrolls of fog {unknown}
Potions
 d - a potion of attraction {unknown}
 h - a potion of haste {unknown}
 k - a potion of heal wounds {unknown}
 m - a potion of resistance {unknown}
 o - a potion of curing {unknown}


   Skills:
 - Level 1.7 Dodging
 - Level 1.7 Stealth
 * Level 6.4 Spellcasting
 + Level 6.1 Conjurations


You had 15 spell levels left.
You knew the following spells:

 Your Spells              Type           Power      Damage    Failure   Level
a - Magic Dart            Conj           100%       1d8       1%          1
b - Searing Ray           Conj           64%        2d6       1%          2

Your spell library contained the following spells:

 Spells                   Type           Power      Damage    Failure   Level
 Dazzling Flash           Conj/Hex       38%        N/A       8%          3
 Sting                    Tmut/Pois      24%        1d4       10%         1
 Poisonous Vapours        Pois/Air       12%        N/A       14%         2
 Fulminant Prism          Conj/Hex       9%         3d7       26%         4
 Hailstorm                Conj/Ice       19%        3d6       26%         4
 Iskenderun's Mystic Bla  Conj/Tloc      19%        2d6       26%         4
 Gell's Gravitas          Tloc           6%         N/A       28%         3
 Inner Flame              Hex/Fire       6%         N/A       28%         3
 Lesser Beckoning         Tloc           6%         N/A       28%         3
 Teleport Other           Tloc           6%         N/A       28%         3
 Cause Fear               Hex            3%         N/A       67%         4
 Olgreb's Toxic Radiance  Pois           6%         N/A       67%         4
 Agony                    Necr           6%         N/A       95%         5
 Silence                  Hex/Air        3%         N/A       95%         5
 Iron Shot                Conj/Erth      9%         9d3       99%         6
 Statue Form              Tmut/Erth      4%         N/A       100%        6
 Discord                  Hex            3%         N/A       100%        8


Dungeon Overview and Level Annotations

Branches:
Dungeon (5/15)             Temple (1/1) D:4         Ossuary (1/1)

Altars:
Cheibriados
Elyvilon
Gozag
Hepliaklqana
Kikubaaqudgha
Makhleb
Qazlal
Sif Muna
Trog
Uskayaw
Xom
Yredelemnul
Zin
The Shining One
Beogh

Annotations:
D:4 3 runed translucent doors, HazelSkye's ghost, amateur DEWz


Innate Abilities, Weirdness & Mutations

You can breathe waves of freezing cold which knock back foes.
Your icy white scales are hard. (AC +6)
You cannot fit into any form of body armour.
Your flesh is cold resistant. (rC+)
You are cold-blooded and may be slowed by cold attacks.


Message History

The centaur zombie kicks you but does no damage.
You hit the centaur zombie but do no damage.
The centaur zombie is almost destroyed.
The centaur zombie completely misses you.
The centaur zombie barely misses you.
You hit the centaur zombie.
You destroy the centaur zombie!
Sif Muna accepts your kill.
You start resting.
A mummy comes into view.
Casting: Searing Ray (safe; 1% risk of failure)
Confirm with . or Enter, or press ? or * to list all spells.
Aiming: Searing Ray (safe; 1% risk of failure)
Press: ? - help, Shift-Dir - straight line, f - mummy
Aim: a mummy (91% to hit)
The searing ray hits the mummy.
The mummy is lightly damaged. (Press . to maintain the ray.)
The searing ray hits the mummy.
The mummy is moderately damaged.
The mummy barely misses you.
You hit the mummy but do no damage.
You tail-slap the mummy, but do no damage.
The mummy is moderately damaged.
You barely miss the mummy.
The mummy is moderately damaged.
The mummy hits you but does no damage.
You hit the mummy but do no damage.
The mummy is moderately damaged.
The mummy hits you!
* * * LOW HITPOINT WARNING * * *
Press: ? - help, Shift-Dir - straight line, f/p - mummy
Aim: a mummy (moderately damaged)
You exhale a wave of freezing cold.
The freezing breath hits the mummy.
The mummy resists.
The mummy is heavily damaged.
You barely miss the mummy.
The mummy is heavily damaged.
The mummy hits you!
You die...

#####
#∩.@#
#.∩M#
#...#
##≈##
≈≈≈
#'#.
#. .≈
≈≈ #≈
≈##
≈#


You could see a mummy.

Vanquished Creatures
  An ice beast (D:5)
  A black bear (D:4)
  A centaur (D:3)
  A scorpion (D:4)
  A centaur zombie (Ossuary)
  A bullfrog zombie (Ossuary)
  A hound (D:3)
  2 mummies (Ossuary)
  2 orc wizards (D:3)
  2 hound zombies (D:4)
  A hound skeleton (D:4)
  A howler monkey skeleton (D:4)
  2 adders (D:2)
  An adder skeleton (D:4)
  6 worms
  2 dart slugs
  9 orcs
  5 ball pythons
  3 bats
  3 endoplasms (D:1)
  4 giant cockroaches
  7 goblins
  4 hobgoblins
  6 jackals
  6 kobolds
  7 quokkas
  2 frilled lizards (D:3)
  A quokka zombie (D:4)
  6 rats
  2 rat zombies (D:5)
91 creatures vanquished.

Vanquished Creatures (others)
  A plant (Temple)
  7 withered plants
8 creatures vanquished.

Grand Total: 99 creatures vanquished

Notes
Turn   | Place    | Note
-------+----------+-------------------------------------------
     0 | D:1      | Crownlay the Draconian Conjurer began the quest for the
                  | Orb.
     0 | D:1      | Reached XP level 1. HP: 14/14 MP: 3/3
   212 | D:1      | Reached XP level 2. HP: 12/20 MP: 0/5
   394 | D:1      | Learned a level 2 spell: Searing Ray
  1504 | D:2      | Reached XP level 3. HP: 26/26 MP: 3/7
  2710 | D:2      | Reached XP level 4. HP: 33/33 MP: 2/9
  2914 | D:3      | Noticed a centaur
  2925 | D:3      | Killed a centaur
  2926 | D:3      | Reached XP level 5. HP: 20/38 MP: 1/11
  3341 | D:3      | Found a hazy altar of Hepliaklqana.
  3370 | D:3      | Reached skill level 5 in Conjurations
  3574 | D:3      | Found a glowing silver altar of Zin.
  3585 | D:3      | Got the Collected Works on Dusty Confrontation
  3945 | D:3      | Reached XP level 6. HP: 8/45 MP: 0/13
  4498 | D:4      | Found a staircase to the Ecumenical Temple.
  4506 | D:4      | Reached skill level 5 in Spellcasting
  4512 | Temple   | Entered the Ecumenical Temple
  4570 | Temple   | Became a worshipper of Sif Muna the Loreminder
  4736 | D:4      | Identified the +2 ring mail of Summertime {Harm rC++ Regen+
                  | Str-5}
  5217 | D:4      | Found a glowing golden altar of the Shining One.
  5219 | D:4      | Noticed an angel
  5318 | D:4      | Found a runed translucent gate.
  5318 | D:4      | Noticed HazelSkye's ghost (amateur DEWz)
  5319 | D:4      | Found a runed translucent gate.
  5322 | D:4      | Found a runed translucent gate.
  5374 | D:4      | Found a basalt altar of Yredelemnul.
  5570 | D:5      | Entered Level 5 of the Dungeon
  5570 | D:5      | Noticed an ice beast
  5579 | D:5      | Killed an ice beast
  5580 | D:5      | Your scales start taking on an icy white colour.
  5580 | D:5      | Reached XP level 7. HP: 37/50 MP: 7/16
  5580 | D:5      | Gained mutation: Your flesh is cold resistant. (rC+) [White
                  | Draconian growth]
  5586 | D:5      | Found a sand-covered staircase.
  5604 | Ossuary  | Entered an ossuary
  5706 | Ossuary  | Slain by a mummy

Illustrated notes

Levels and vault maps discovered:
D:1:      saegor_arrival_simple_e, layout_basic,
          shapermc_ecumenical_altar_mp_urbaneastern, minmay_ruptured
D:2:      cheibrodos_helix_gallery, layout_basic
D:3:      minmay_angry_zag, layout_basic, nzn_hepliaklqana_mist_gate,
          mainiacjoe_overflow_surrounded_room
D:4:      layout_rooms, grunt_temple_overflow_holy_war,
          minmay_temple_entry_arrows, serial_undead, serial_undead_e,
          serial_undead_e, serial_undead_c, serial_undead_c,
          biasface_ghost_orc_armoury, st_stairs_1, minmay_misc_feat_pillars,
          minmay_distorted
D:5:      layout_cave_pools, enter_ossuary_3, uniq_ijyb
Temple:   cyrus_temple_forest
Ossuary:  ossuary_zaba_flooded

Skill      XL: |  1  2  3  4  5  6  7 |
---------------+----------------------+-----
Spellcasting   | 3 4 6 |  6.4
Conjurations   | 5 6 |  6.1
Dodging        | |  1.7
Stealth        | |  1.7

Action                   |  1- 3 |  4- 6 |  7- 9 || total
-------------------------+-------+-------+-------++-------
Melee: Dagger            |    40 |    27 |    26 ||    93
       Tailslap          |     4 |       |     3 ||     7
 Cast: Magic Dart        |    71 |    67 |     8 ||   146
       Searing Ray       |     5 |    24 |     5 ||    34
 Abil: Breathe Frost     |       |       |     2 ||     2
Armor: Skin              |    13 |    33 |     7 ||    53
Dodge: Dodged            |    47 |    32 |    19 ||    98

Table legend: (Time is in decaauts)
 A = Elapsed time spent in this place.
 B = Non-inter-level travel time spent in this place.
 C = Inter-level travel time spent in this place.
 D = Time resting spent in this place.
 E = Time spent auto-exploring this place.
 F = Levels seen in this place.
 G = Mean time per level.
                   A        B        C        D        E       F      G
               +--------+--------+--------+--------+--------+-----+--------+
         Total |   5707 |   5544 |    163 |     45 |   4821 |   7 |  815.3 |
       Dungeon |   5506 |   5384 |    122 |      0 |   4778 |   5 | 1101.2 |
        Temple |     99 |     58 |     41 |      0 |     43 |   1 |   99.0 |
       Ossuary |    101 |    101 |      0 |     45 |      0 |   1 |  101.0 |
               +--------+--------+--------+--------+--------+-----+--------+

Top non-repeatable levels by time:
     D:2: 1737 daAuts
     D:1: 1330 daAuts
     D:3: 1310 daAuts
     D:4: 1093 daAuts
 Ossuary: 101 daAuts
  Temple: 99 daAuts
     D:5: 34 daAuts
